 Dungeon Crawl Stone Soup version 0.23-a0-150-g7664ed78f7 (webtiles) character file.

100 Holzbalken the Cudgeler (level 4, -5/28 HPs)
             Began as a Gargoyle Monk on Sept 7, 2018.
             Slain by a worm (7 damage)
             ... on level 2 of the Dungeon.
             The game lasted 00:05:22 (1700 turns).

Holzbalken the Cudgeler (Gargoyle Monk)             Turns: 1700, Time: 00:05:23

Health: -5/28      AC:  6    Str: 15    XL:     4   Next: 74%
Magic:  4/4        EV: 12    Int: 11    God:
Gold:   139        SH:  0    Dex: 12    Spells: 3/3 levels left

rFire    . . .     SeeInvis .   a - +1 mace
rCold    . . .     Gourm    .   (no shield)
rNeg     + . .     Faith    .   m - +0 leather armour
rPois    ∞         Spirit   .   (no helmet)
rElec    +         Reflect  .   (no cloak)
rCorr    +         Harm     .   (no gloves)
MR       .....                  (no boots)
Stlth    ++........             (no amulet)
HPRegen  0.09/turn              j - ring of resist corrosion
MPRegen  0.09/turn              (no ring)

@: no status effects
A: negative energy resistance 1, electricity resistance, unbreathing,
petrification resistance, rot immunity, AC +3
a: no special abilities


You were on level 2 of the Dungeon.
You were not hungry.

You visited 1 branch of the dungeon, and saw 2 of its levels.

You collected 139 gold pieces.

Inventory:

Hand Weapons
 a - a +1 mace (weapon)
Armour
 b - a +0 robe
 f - a +0 pair of boots
 m - a +0 leather armour (worn)
Jewellery
 j - a ring of resist corrosion (left hand)
Scrolls
 i - a scroll of enchant weapon
 k - a scroll of identify
 l - a scroll of remove curse
 n - a scroll of fog
 o - a scroll of random uselessness {unknown}
Potions
 d - a potion of mutation {unknown}
 e - 2 potions of brilliance
 g - 3 potions of curing
 p - a potion of might {unknown}
Comestibles
 c - 5 rations
 h - 5 chunks of flesh


   Skills:
 - Level 3.2 Fighting
 + Level 5.3 Maces & Flails
 - Level 2.4 Dodging
 - Level 2.1 Stealth


You had 3 spell levels left.
You didn't know any spells.
Your spell library was empty.

Dungeon Overview and Level Annotations

Branches:
Dungeon (2/15)

Altars:
Ru

Annotations:
D:2 Robin


Innate Abilities, Weirdness & Mutations

You are resistant to torment.
Your stone body is resilient. (AC +3)
You are immune to poison.
You resist negative energy. (rN+)
You are resistant to electric shocks. (rElec)
You can survive without breathing.
You are immune to petrification.
You are immune to rotting.


Message History

The worm is moderately wounded.
The worm bites you but does no damage.
You hit the worm.
The worm is moderately wounded.
You barely miss the worm.
The worm is moderately wounded.
The worm bites you!
* * * LOW HITPOINT WARNING * * *
You completely miss the worm.
The worm is moderately wounded.
The worm completely misses you.
Your leather armour prevents you from hitting the worm.
The worm is moderately wounded.
You hit the worm.
The worm is moderately wounded.
The worm misses you.
You hit the worm but do no damage.
The worm is moderately wounded.
The worm bites you!
You die...

#.#...#.# ##.#.#.## .. ##.#.##
..### ###..######....##
####.........##....# #
###########....#.###.#)##....# .#
..........#....#.# #.#.##....#..#
......###.#....#.###............#
......# #.#....#@##....gw....#.
......# #......#w#...gg......#
....<.# ###....#g#.S..####......?
......# ######......# .......
.###.## ###...## g.g...# .....#
#...# ...r..# .#.#.# #####
gg...## .....### .g...# .#.....#
..g.$.


You could see a worm and a goblin.

Vanquished Creatures
  Jessica (D:2)
  2 adders (D:2)
  A worm (D:2)
  A leopard gecko (D:1)
  7 bats
  A giant cockroach (D:2)
  7 goblins
  7 hobgoblins (D:2)
  8 jackals
  8 frilled lizards
  4 kobolds
  5 rats
52 creatures vanquished.

Notes
Turn   | Place    | Note
-------+----------+-------------------------------------------
     0 | D:1      | Holzbalken the Gargoyle Monk began the quest for the Orb.
     0 | D:1      | Reached XP level 1. HP: 14/14 MP: 1/1
    89 | D:1      | Reached XP level 2. HP: 13/19 MP: 2/2
   391 | D:1      | Reached skill level 4 in Maces & Flails
   588 | D:1      | Reached XP level 3. HP: 23/23 MP: 3/3
  1092 | D:2      | Noticed Jessica
  1098 | D:2      | Killed Jessica
  1238 | D:2      | Found a sacrificial altar of Ru.
  1264 | D:2      | Reached XP level 4. HP: 15/28 MP: 4/4
  1632 | D:2      | Reached skill level 5 in Maces & Flails
  1651 | D:2      | Noticed Robin
  1700 | D:2      | Slain by a worm

Vault maps used:
D:1:      lemuel_arrival_tunnels, item_on_display_b
D:2:      marbit_many_paths, nicolae_ru_awakened_eye, first_ration,
          grunt_ministairs_13, minmay_pentomino_z2, uniq_robin, uniq_terence,
          uniq_jessica

Skill      XL: |  1  2  3  4 |
---------------+-------------+-----
Maces & Flails | 4 5 |  5.3
Fighting       | |  3.2
Dodging        | |  2.4
Stealth        | |  2.1

Action                   |  1- 3 |  4- 6 || total
-------------------------+-------+-------++-------
Melee: Mace              |   109 |    77 ||   186
  Use: Scroll            |     5 |       ||     5
 Stab: Sleeping          |     2 |     1 ||     3
  Eat: Chunk             |     1 |     2 ||     3
Armor: Robe              |    19 |       ||    19
       Leather armour    |    14 |    29 ||    43
Dodge: Dodged            |    86 |    54 ||   140

Table legend:
 A = Non-vault XP
 B = Vault XP
 C = Vault XP percentage of total XP
 D = Non-vault monster count
 E = Vault monster count
 F = Vault count percentage of total count
                 A         B        C        D         E       F
            +---------+---------+-------+---------+---------+-------
      Total |      96 |      48 |  33.3 |      45 |       7 |  13.5
            +---------+---------+-------+---------+---------+-------
        D:1 |      38 |       0 |   0.0 |      25 |       0 |   0.0
        D:2 |      58 |      48 |  45.3 |      20 |       7 |  25.9
            +---------+---------+-------+---------+---------+-------
